 Dungeon Crawl Stone Soup version 0.25-a0-356-g7c9d860 (webtiles) character file.

Game seed: 12871515619220579306, levelgen mode: deterministic

87 MrTaco21 the Cudgeler (level 4, -7/28 HPs)
             Began as a Gargoyle Fighter on Jan 3, 2020.
             Killed by divine providence
             ... invoked by an orc priest
              (14 damage)
             ... on level 3 of the Dungeon.
             The game lasted 00:03:27 (1827 turns).

MrTaco21 the Cudgeler (Gargoyle Fighter)            Turns: 1827, Time: 00:03:28

Health: -7/28      AC: 10    Str: 20    XL:     4   Next: 51%
Magic:  4/4        EV:  4    Int:  9    God:
Gold:   53         SH:  9    Dex:  9    Spells: 3/3 levels left

rFire    . . .     SeeInvis .   a - +0 flail
rCold    . . .     Gourm    .   c - +0 shield
rNeg     + . .     Faith    .   b - +0 scale mail
rPois    ∞         Spirit   .   (no helmet)
rElec    +         Reflect  .   (no cloak)
rCorr    .         Harm     .   (no gloves)
MR       .....                  (no boots)
Stlth    ..........             (no amulet)
HPRegen  0.09/turn              (no ring)
MPRegen  0.09/turn              (no ring)

@: constricted
A: negative energy resistance 1, electricity resistance, unbreathing,
petrification resistance, rot immunity, AC +3
a: no special abilities


You were on level 3 of the Dungeon.
You were not hungry.

You visited 1 branch of the dungeon, and saw 3 of its levels.

You collected 53 gold pieces.

Inventory:

Hand Weapons
 a - a +0 flail (weapon)
Armour
 b - a +0 scale mail (worn)
 c - a +0 shield (worn)
Scrolls
 g - 2 scrolls of remove curse {unknown}
 h - 2 scrolls of identify {unknown}
 j - a scroll of magic mapping {unknown}
 k - a scroll of noise {unknown}
Potions
 d - 2 potions of might
 i - 3 potions of curing {unknown}
Comestibles
 e - 5 rations {!d}


   Skills:
 - Level 3.2 Fighting
 + Level 4.6 Maces & Flails
 - Level 3.2 Armour
 - Level 3.2 Shields


You had 3 spell levels left.
You didn't know any spells.
Your spell library was empty.

Dungeon Overview and Level Annotations

Branches:
Dungeon (3/15)

Altars:
Elyvilon
Okawaru


Innate Abilities, Weirdness & Mutations

You are resistant to torment.
Your stone body is resilient. (AC +3)
You are immune to poison.
You resist negative energy. (rN+)
You are resistant to electric shocks. (rElec)
You can survive without breathing.
You are immune to petrification.
You are immune to rotting.


Message History

You see here a ring mail.
Done exploring.
Done exploring.
Done exploring.
Search for what [Enter for "."]? .
You see here a ring mail.
There is a stone staircase leading down here.
You can't go up here!
You climb downwards.
A giant cockroach and a hobgoblin come into view.
The hobgoblin shouts!
You hear a shout! x2
Found a whip, 10 gold pieces and a twisted smoking staff.
There is a stone staircase leading up here.
There are monsters nearby!
An orc comes into view.
Found 11 gold pieces.
A dart slug comes into view.
You thump the hobgoblin!
You kill the hobgoblin!
An orc priest comes into view. It is wielding a +0 dagger.
The orc priest calls down the wrath of Beogh upon you.
Beogh smites you! The dart slug launches a dart at you.
The slug dart hits you but does no damage.
A ball python comes into view.
You hear a shout! x2
You block the giant cockroach's attack.
You closely miss the giant cockroach.
The ball python hisses angrily.
You block the giant cockroach's attack.
You thump the giant cockroach!
You kill the giant cockroach!
The orc priest looks braver for a moment.
You hit the orc. The orc hits you.
Your shield and scale mail prevent you from hitting the orc.
The orc barely misses you.
You barely miss the orc. You block the orc's attack.
The orc priest mumbles some strange prayers to Beogh against you.
Beogh smites you!
* * * LOW HITPOINT WARNING * * *
The ball python closely misses you. You block the ball python's attack.
An orc comes into view. It is wielding a +0 dagger.
The orc shouts!
The ball python bites you but does no damage.
The ball python grabs you. The ball python constricts you.
The orc barely misses you.
The orc priest calls down the wrath of Beogh upon you.
Beogh smites you!
Ouch! That really hurt!
You die...

...... .....o
###########
...|.##......#...
....#.........#.
##..............
..............#.
#..†..)....$.
#..S.......#.
#.@o..†......
##...o....###
#.......$#
#..........#
..............
##...........##
##..........#
.........w.#


You could see an orc priest, a dart slug, 2 orcs and a ball python.

Vanquished Creatures
  3 gnolls (D:2)
  An adder (D:2)
  3 dart slugs
  4 leopard geckos
  7 bats (D:1)
  2 giant cockroaches
  A goblin (D:1)
  A hobgoblin (D:3)
  7 jackals
  2 kobolds
  A quokka (D:2)
  2 frilled lizards
  3 rats
37 creatures vanquished.

Notes
Turn   | Place    | Note
-------+----------+-------------------------------------------
     0 | D:1      | MrTaco21 the Gargoyle Fighter began the quest for the Orb.
     0 | D:1      | Reached XP level 1. HP: 14/14 MP: 1/1
   256 | D:1      | Reached XP level 2. HP: 18/19 MP: 2/2
   362 | D:1      | Reached skill level 3 in Maces & Flails
   576 | D:1      | Reached XP level 3. HP: 23/23 MP: 3/3
   930 | D:2      | Reached skill level 4 in Maces & Flails
   944 | D:2      | Reached XP level 4. HP: 9/28 MP: 4/4
  1558 | D:2      | Found a white marble altar of Elyvilon.
  1558 | D:2      | Found an iron altar of Okawaru.
  1827 | D:3      | Killed from afar by an orc priest

Levels and vault maps discovered:
D:1:      wander_arrival_peaceful_grave, layout_basic, chequers_avenue
D:2:      layout_basic, gammafunk_temple_overflow_statue
D:3:      layout_rooms, serial_glass, glass_columns_b, glass_columns_a,
          minmay_randomly_rotated_circles

Skill      XL: |  1  2  3 |
---------------+----------+-----
Maces & Flails | 3 4 |  4.6
Fighting       | |  3.2
Armour         | |  3.2
Shields        | |  3.2

Action                   |  1- 3 |  4- 6 || total
-------------------------+-------+-------++-------
Melee: Flail             |   123 |    49 ||   172
  Eat: Chunk             |       |     3 ||     3
Armor: Scale mail        |    77 |    30 ||   107
Dodge: Dodged            |    43 |    25 ||    68
Block: Shield            |    71 |    31 ||   102

Table legend:
 A = Non-vault XP
 B = Vault XP
 C = Vault XP percentage of total XP
 D = Non-vault monster count
 E = Vault monster count
 F = Vault count percentage of total count
                 A         B        C        D         E       F
            +---------+---------+-------+---------+---------+-------
      Total |     125 |       0 |   0.0 |      37 |       0 |   0.0
            +---------+---------+-------+---------+---------+-------
        D:1 |      40 |       0 |   0.0 |      20 |       0 |   0.0
        D:2 |      81 |       0 |   0.0 |      15 |       0 |   0.0
        D:3 |       4 |       0 |   0.0 |       2 |       0 |   0.0
            +---------+---------+-------+---------+---------+-------
